 Dungeon Crawl Stone Soup version 0.22.1-6-g1668fe2 (webtiles) character file.

14 beigtais the Conjurer (level 2, 0/19 HPs)
             Began as a Demonspawn Conjurer on Jan 29, 2019.
             Slain by a jackal (1 damage)
             ... on level 1 of the Dungeon.
             The game lasted 00:04:56 (729 turns).

beigtais the Conjurer (Demonspawn Conjurer)          Turns: 729, Time: 00:04:57

Health: 0/19       AC:  2    Str: 10    XL:     2   Next: 31%
Magic:  3/5        EV: 13    Int: 16    God:
Gold:   45         SH:  0    Dex: 18    Spells: 4/5 levels left

rFire    . . .     SeeInvis .   (no weapon)
rCold    . . .     Gourm    .   (no shield)
rNeg     . . .     Faith    .   a - +0 robe
rPois    .         Spirit   .   (helmet restricted)
rElec    .         Reflect  .   (no cloak)
rCorr    .         Harm     .   (no gloves)
MR       +....                  (no boots)
Stlth    ++........             (no amulet)
HPRegen  0.06/turn              h - +5 ring of dexterity
MPRegen  0.09/turn              (no ring)

@: flying (expiring)
A: antennae 1, demonic guardian 1, magic resistance 1, sense surroundings 1,
strong 1
a: no special abilities


You were on level 1 of the Dungeon.
You were not hungry.

You visited 1 branch of the dungeon, and saw 1 of its levels.

You collected 45 gold pieces.

Inventory:

Missiles
 d - 17 stones (quivered)
Armour
 a - a +0 robe (worn)
Jewellery
 h - a +5 ring of dexterity (left hand)
Comestibles
 b - a chunk of flesh
 c - 3 rations


   Skills:
 * Level 1.9 Dodging
 * Level 1.8 Stealth
 * Level 2.0 Spellcasting
 * Level 4.5 Conjurations


You had 4 spell levels left.
You knew the following spells:

 Your Spells              Type           Power        Failure   Level  Hunger
a - Magic Dart            Conj           ###.         3%          1    #......

Your spell library contained the following spells:

 Spells                   Type           Power        Failure   Level  Hunger
 Searing Ray              Conj           ###...       4%          2    ###....
 Dazzling Spray           Conj/Hex       #.....       24%         3    ###....
 Iskenderun's Mystic Bla  Conj           ###.....     32%         4    #####..
 Force Lance              Conj/Tloc      #.......     63%         4    #####..
 Fulminant Prism          Conj/Hex       #.........   63%         4    #####..


Dungeon Overview and Level Annotations

Branches:
Dungeon (1/15)

Altars:


Innate Abilities, Weirdness & Mutations

A weak demonic guardian rushes to your aid.
You have a pair of small antennae on your head.
You are resistant to hostile enchantments. (MR+)
You passively map a small area around you.
Your muscles are strong. (Str +2)


Message History

You kill the hobgoblin!
The jackal bites you.
* * * LOW HITPOINT WARNING * * *
It was a potion of flight.
You feel very buoyant.
You fly up into the air.
The jackal misses you. The jackal misses you. The jackal bites you.
* * * LOW HITPOINT WARNING * * *
The jackal misses you. The jackal bites you.
* * * LOW HITPOINT WARNING * * *
The jackal barely misses you. The jackal bites you.
* * * LOW HITPOINT WARNING * * *
The jackal barely misses you.
You are starting to lose your buoyancy.
The jackal closely misses you. The jackal bites you.
You die...

.........+..#.####.#####.#
.........##.#+####.#.....#
##.....#........##.#.#####
#.........>....##.#.#
,########........##.#.#
...........#......#.#######
#.########.#####..........#
#.## #.....'.........>#
#..###########@#..........#
*
*#...........hh#..........#
#............h##'#####'###
#....##'##...g##.# #.....#
#...##...##...##.###.#.#.#
#...#..<..#...##...#.#.#.#
#...##...##...####.#.#.#.#
#....##+##....####.#.#.#.#
#.............##.#.#.#.#.#


You could see 3 jackals and a hobgoblin.

Vanquished Creatures
  A dart slug (D:1)
  3 bats (D:1)
  A giant cockroach (D:1)
  3 hobgoblins (D:1)
  A frilled lizard (D:1)
  3 rats (D:1)
12 creatures vanquished.

Notes
Turn   | Place    | Note
-------+----------+-------------------------------------------
     0 | D:1      | beigtais the Demonspawn Conjurer began the quest for the
                  | Orb.
     0 | D:1      | Reached XP level 1. HP: 13/13 MP: 3/3
   492 | D:1      | Gained mutation: You have a pair of small antennae on your
                  | head. [potion of mutation]
   492 | D:1      | Gained mutation: You are resistant to hostile enchantments.
                  | (MR+) [potion of mutation]
   492 | D:1      | Gained mutation: You passively map a small area around you.
                  | [potion of mutation]
   492 | D:1      | Gained mutation: Your muscles are strong. (Str +2) [potion
                  | of mutation]
   508 | D:1      | Gained mutation: A weak demonic guardian rushes to your
                  | aid. [demonic ancestry]
   508 | D:1      | Reached XP level 2. HP: 19/19 MP: 0/5
   729 | D:1      | Slain by a jackal

Action                   || total
-------------------------++-------
Throw: Stone             ||     5
 Cast: Magic Dart        ||    25
  Use: Potion            ||     3
       Scroll            ||     1
Armor: Robe              ||     2
Dodge: Dodged            ||    14
